 Dungeon Crawl Stone Soup version 0.29-a0-275-g389c0b56f3 (webtiles) character file.

Game seed: 2765844670487334577

3696 enile the Thaumaturge (level 10, -7/75 HPs)
             Began as a Djinni Fire Elementalist on Mar 12, 2022.
             Was a Priest of Cheibriados.
             Mangled by a wight
             ... wielding a +5 dire flail
              (21 damage)
             ... on level 8 of the Dungeon.
             The game lasted 00:11:18 (11702 turns).

enile the Thaumaturge (Djinni Fire Elementalist)   Turns: 11702, Time: 00:11:19

Health: -7/75      AC:  4    Str: 15    XL:     10   Next: 35%
Gold:   433        EV: 14    Int: 26    God:    Cheibriados [***...] SH:  0 Dex: 21

rFire   + + .      SeeInvis .   q - +0 flail (protect)
rCold   x . .      Faith    .   (no shield)
rNeg    + . .      Spirit   .   a - +0 robe
rPois   ∞          Reflect  .   C - +2 hat
rElec   +          Harm     +   f - scarf {harm}
rCorr   +          Rampage  .   (no gloves)
Will    +....                   (boots unavailable)
Stlth   ++........              u - amulet "Yheakkit" {Acrobat rElec rCorr}
HPRegen 0.22/turn               j - ring of positive energy
MPRegen 0.00/turn               (no ring)

@: about to teleport, flying, studying Spellcasting, very slow
A: sickness immunity, fire resistance 2, cold vulnerability 1, float, innate
caster, HP casting, extra vitality 1, strong 1, evolution 1
a: Renounce Religion, Bend Time, Temporal Distortion


You were on level 8 of the Dungeon.
You worshipped Cheibriados.
Cheibriados was most pleased with you.
You visited 1 branch of the dungeon, and saw 8 of its levels.

You collected 445 gold pieces.
You donated 12 gold pieces to Zin.

Inventory:

Hand Weapons
 e - a +1 scythe of protection
 h - a +2 vorpal hunting sling
 q - a +0 flail of protection (weapon)
Missiles
 g - 4 javelins
Armour
 a - a +0 robe (worn)
 f - a scarf of harm (worn)
 r - a +3 chain mail of cold resistance
 v - a +0 buckler
 C - a +2 hat (worn)
Jewellery
 j - a ring of positive energy (left hand)
 s - an amulet of regeneration
 u - the amulet "Yheakkit" (around neck) {Acrobat rElec rCorr}
   (You found it on level 5 of the Dungeon)

   [amulet of the acrobat]

   It increases your evasion while moving and waiting.
   rElec:     It insulates you from electricity.
   rCorr:     It protects you from acid and corrosion.
 x - a +6 ring of strength
Wands
 b - a wand of flame (40)
 B - a wand of iceblast (6)
 D - a wand of charming (5)
Scrolls
 c - a scroll of noise {unknown}
 i - 2 scrolls of fog
 k - a scroll of vulnerability
 l - 4 scrolls of blinking {unknown}
 p - 2 scrolls of magic mapping {unknown}
 t - 3 scrolls of amnesia {unknown}
 w - a scroll of silence {unknown}
 y - a scroll of enchant weapon {unknown}
Potions
 m - 2 potions of magic {unknown}
 n - 3 potions of might {unknown}
 o - 2 potions of curing
 A - 3 potions of lignification


   Skills:
 - Level 7.0 Fighting
 - Level 4.0 Dodging
 - Level 1.5 Stealth
 + Level 9.8 Spellcasting
 - Level 3.0 Invocations
 - Level 4.0 Evocations


You had 5 spell levels left.
You knew the following spells:

 Your Spells              Type           Power      Damage    Failure   Level
a - Foxfire               Conj/Fire      100%       2x1d9     1%          1
b - Scorch                Fire           100%       2d10      1%          2
c - Conjure Flame         Conj/Fire      59%        6-21      1%          3
d - Inner Flame           Hex/Fire       59%        N/A       1%          3
e - Flame Wave            Conj/Fire      59%        2d11      1%          4
f - Animate Skeleton      Necr           100%       N/A       1%          1
g - Call Imp              Summ           59%        N/A       1%          2
h - Summon Guardian Gole  Hex/Summ       59%        N/A       1%          3
i - Cause Fear            Hex            29%        N/A       1%          4
Your spell library was empty.

Dungeon Overview and Level Annotations

Branches:
Dungeon (8/15)             Temple (0/1) D:7
   Lair: D:8-11

Altars:
Cheibriados
Elyvilon
Kikubaaqudgha
Ru
Wu Jian
Zin
The Shining One

Shops:
D:4 (


Innate Abilities, Weirdness & Mutations

You are immune to sickness and miasma.
You are immune to poison.
Your flesh is very heat resistant. (rF++)
You are vulnerable to cold. (rC-)
You float through the air rather than walking.
You learn spells naturally, not from books.
Your magical power is your life essence.
You have superior vitality. (+4 MHP)
Your muscles are strong. (Str +2)
You have hidden genetic potential.


Message History

Confirm with . or Enter, or press ? or * to list all spells.
You conjure some foxfire!
You hear a zap.
Some rock shatters into small pieces.
The foxfire hits the wight but does no damage.
Your foxfire dissipates!
Casting: Foxfire (safe; 1% risk of failure)
Confirm with . or Enter, or press ? or * to list all spells.
You conjure some foxfire!
A killer bee comes into view.
The foxfire hits the wight but does no damage.
Casting: Foxfire (safe; 1% risk of failure)
Confirm with . or Enter, or press ? or * to list all spells.
There is not enough space to conjure foxfire!
Casting: Foxfire (safe; 1% risk of failure)
Confirm with . or Enter, or press ? or * to list all spells.
Flames lash the wight but do no damage.
You hear an angry buzzing noise. x2
The wight barely misses you.
A killer bee comes into view.
The wight hits you with a +5 dire flail!
* * * LOW HITPOINT WARNING * * *
The wight misses you. The wight completely misses you.
It was a potion of heal wounds.
You feel much better. The wight closely misses you. x2
The wight attacks as you move away!
The wight hits you with a +5 dire flail!
* * * LOW HITPOINT WARNING * * *
The wight zaps a wand.
Some rock shatters into small pieces.
A killer bee comes into view.
Okay, then.
As you read the scroll of teleportation, it crumbles to dust.
You feel strangely unstable. The wight barely misses you.
The killer bee stings you!
* * * LOW HITPOINT WARNING * * *
Okay, then.
You feel better.
The killer bee buzzes angrily.
The wight hits you with a +5 dire flail!!
You die...

...... #...
....... #...
....... #...
.y..... #...
##.)....≈
#...
#z)......
#...
#.y......
#...
#zyz.....
###+
######@y# #.
#.......# #
###.......#
######
#.........#
#.....
#.######'.#
#..... #.#
#.##
#######.....
#########.#
#.#
#...........
#.........#
#.#
#...........
#.#######.###
#.#
#......#####


You could see 4 killer bees and 3 wights.

Vanquished Creatures
  Maggie (D:7)
  Sigmund (D:2)
  A steam dragon (D:6)
  A water moccasin (D:7)
  2 orc warriors (D:6)
  A sky beast (D:6)
  3 black bears
  2 ice beasts
  2 phantoms (D:6)
  2 necrophages
  A bullfrog (D:7)
  2 gnoll sergeants
  3 scorpions
  11 wights
  3 killer bees (D:8)
  2 jellies
  2 hounds
  An orc priest (D:5)
  2 iguanas (D:7)
  Natasha (thrice) (D:2)
  7 orc wizards
  Robin (D:3)
  13 gnolls
  7 adders
  A shadow imp (D:6)
  2 ufetubi
  2 worms (D:2)
  5 dart slugs
  21 orcs
  3 bats
  8 endoplasms
  5 giant cockroaches
  20 goblins
  16 hobgoblins
  6 jackals
  6 kobolds
  5 quokkas
  3 ball pythons
  4 frilled lizards (D:1)
  A rat (D:3)
  A spectral hobgoblin (D:1)
183 creatures vanquished.

Vanquished Creatures (others)
  Edmund (D:4)
  612 foxfires
613 creatures vanquished.

Grand Total: 796 creatures vanquished

Notes
Turn   | Place    | Note
-------+----------+-------------------------------------------
     0 | D:1      | enile the Djinni Fire Elementalist began the quest for the
                  | Orb.
     0 | D:1      | Reached XP level 1. HP: 15/15 MP: 0/0
   483 | D:1      | Reached skill level 1 in Fighting
   579 | D:1      | Reached XP level 2. HP: 2/22 MP: 0/0
  1582 | D:1      | Found a faded altar of an unknown god.
  1908 | D:1      | Reached XP level 3. HP: 28/29 MP: 0/0
  1908 | D:1      | Learned a level 1 spell: Animate Skeleton
  1939 | D:1      | Prayed at the altar of an unknown god.
  1939 | D:1      | Became a worshipper of Zin the Law-Giver
  1939 | D:1      | Reached * piety under Zin
  2520 | D:2      | Noticed Natasha
  2529 | D:2      | Killed Natasha
  2530 | D:2      | Reached XP level 4. HP: 16/35 MP: 0/0
  2758 | D:2      | Noticed a necrophage
  2766 | D:2      | Killed a necrophage
  2767 | D:2      | Reached XP level 5. HP: 17/41 MP: 0/0
  2767 | D:2      | Learned a level 2 spell: Call Imp
  3108 | D:2      | Noticed Natasha
  3115 | D:2      | Killed Natasha
  3116 | D:2      | Reached skill level 3 in Spellcasting
  3515 | D:2      | Noticed Sigmund
  3536 | D:2      | HP: 2/41 [something/magic dart (6)]
  3540 | D:2      | Killed Sigmund
  3541 | D:2      | Reached skill level 4 in Spellcasting
  3541 | D:2      | Reached XP level 6. HP: 8/48 MP: 0/0
  3795 | D:2      | Noticed Natasha
  5048 | D:2      | Killed Natasha
  5049 | D:2      | Reached skill level 5 in Fighting
  5049 | D:2      | Reached XP level 7. HP: 49/54 MP: 0/0
  5049 | D:2      | Learned a level 3 spell: Summon Guardian Golem
  5385 | D:3      | Reached ** piety under Zin
  5777 | D:3      | Noticed Robin
  5783 | D:3      | Killed Robin
  6517 | D:4      | Reached skill level 5 in Spellcasting
  6592 | D:4      | Found a white marble altar of Elyvilon.
  6597 | D:4      | Found a snail-covered altar of Cheibriados.
  6604 | D:4      | Found a glowing golden altar of the Shining One.
  6742 | D:4      | Fell from the grace of Zin
  6742 | D:4      | Became a worshipper of Cheibriados the Contemplative
  6767 | D:4      | Found Leham's Antique Weapon Boutique.
  7082 | D:4      | Noticed Edmund
  7105 | D:4      | Killed Edmund
  7106 | D:4      | Reached XP level 8. HP: 37/59 MP: 0/0
  7292 | D:4      | Reached skill level 6 in Spellcasting
  7518 | D:5      | Entered Level 5 of the Dungeon
  7748 | D:5      | Identified the amulet "Yheakkit" {Acrobat rElec rCorr}
  7825 | D:5      | You are sucked into a shaft and drop 1 floor!
  7848 | D:6      | Reached * piety under Cheibriados
  8184 | D:6      | Reached XP level 9. HP: 60/68 MP: 0/0
  8184 | D:6      | Learned a level 4 spell: Cause Fear
  8250 | D:6      | Gained mutation: You have hidden genetic potential. [potion
                  | of mutation]
  8260 | D:5      | Reached skill level 1 in Invocations
  8555 | D:5      | Reached skill level 1 in Evocations
  8788 | D:5      | Found an ornate altar of the Wu Jian Council.
  9816 | D:7      | Noticed Maggie
  9826 | D:7      | Killed Maggie
  9827 | D:7      | Reached skill level 7 in Spellcasting
 10007 | D:7      | Reached ** piety under Cheibriados
 10008 | D:7      | Reached XP level 10. HP: 71/75 MP: 0/0
 10043 | D:7      | Identified a scroll of acquirement
 10044 | D:7      | Acquired a manual of Spellcasting
 10137 | D:7      | Gained mutation: Your muscles are strong. (Str +2) [hidden
                  | potential]
 10523 | D:7      | Reached skill level 8 in Spellcasting
 10782 | D:7      | Found a staircase to the Ecumenical Temple.
 10984 | D:8      | Reached skill level 9 in Spellcasting
 11272 | D:8      | Reached *** piety under Cheibriados
 11504 | D:8      | Found a sacrificial altar of Ru.
 11701 | D:8      | HP: 3/75 [killer bee (8)]
 11702 | D:8      | Mangled by a wight

Illustrated notes

Levels and vault maps discovered:
D:1:      evilmike_arrival_plus, layout_loops_corners,
          dreamdust_ecumenical_altar_drowned_temple
D:2:      layout_loops_corners, kennysheep_doodads, grunt_decor_arrowhead,
          uniq_natasha, uniq_sigmund
D:3:      kennysheep_the_goblin_king, layout_basic, kennysheep_generic_room_7,
          uniq_robin
D:4:      layout_basic, minitemple, serial_shops, nicolae_diamond_shop,
          uniq_edmund
D:5:      layout_rooms, pdpol_wu_jian_five_deadly_venoms
D:6:      layout_basic
D:7:      layout_loops_ring, minmay_temple_entry_poolview, uniq_maggie
D:8:      layout_basic, mainiacjoe_overflow_catch_the_wave,
          biasface_ghost_orc_armoury

Skill      XL: |  1  2  3  4  5  6  7  8  9 10 |
---------------+-------------------------------+-----
Fighting       | 1 2 3 4 5 7 |  7.0
Spellcasting   | 4 5 6 7 9 |  9.8
Dodging        | 4 |  4.0
Invocations    | 3 |  3.0
Evocations     | 4 |  4.0
Stealth        | |  1.5

Action                   |  1- 3 |  4- 6 |  7- 9 | 10-12 || total
-------------------------+-------+-------+-------+-------++-------
Melee: Unarmed           |     3 |       |       |       ||     3
       Scythe            |       |     3 |       |       ||     3
       Flail             |       |       |     4 |     3 ||     7
 Fire: Hunting sling     |       |       |    24 |       ||    24
 Cast: Foxfire           |    75 |    65 |   178 |    54 ||   372
       Scorch            |     2 |    15 |    32 |    18 ||    67
       Inner Flame       |       |     1 |    22 |     5 ||    28
       Summon Guardian G |       |       |     2 |       ||     2
       Call Imp          |       |       |     5 |       ||     5
       Cause Fear        |       |       |     1 |       ||     1
       Conjure Flame     |       |       |       |     2 ||     2
  Use: Potion            |       |     4 |     1 |     2 ||     7
       Scroll            |       |     3 |       |     5 ||     8
Armor: Robe              |     5 |       |     9 |     2 ||    16
Dodge: Dodged            |    23 |    18 |    54 |    38 ||   133

Table legend: (Time is in decaauts)
 A = Elapsed time spent in this place.
 B = Non-inter-level travel time spent in this place.
 C = Inter-level travel time spent in this place.
 D = Time resting spent in this place.
 E = Time spent auto-exploring this place.
 F = Levels seen in this place.
 G = Mean time per level.
                   A        B        C        D        E       F      G
               +--------+--------+--------+--------+--------+-----+--------+
         Total |  12543 |  12085 |    458 |    656 |   9908 |   8 | 1567.9 |
       Dungeon |  12543 |  12085 |    458 |    656 |   9908 |   8 | 1567.9 |
               +--------+--------+--------+--------+--------+-----+--------+

Top non-repeatable levels by time:
     D:2: 2693 daAuts
     D:1: 2401 daAuts
     D:6: 1655 daAuts
     D:3: 1421 daAuts
     D:7: 1163 daAuts
     D:5: 1159 daAuts
     D:4: 1141 daAuts
     D:8: 907 daAuts
